AoeStats
← Hodor

Arabia

510933635Analyzed
1v1 RM · 16h ago on Oct 3, 2026· 52m 14s· 2 players
Game mode
Random Map
Map size
Tiny (2 player)
Population
200
Speed
Normal
Resources
Standard
Victory
Conquest
Starting age
Dark Age
Ending age
Imperial Age
RankedLock teamsTeams togetherTeam positionsShared explorationLock speedFull tech treeHidden civsTurbo modeCheats
Victory
Defeat
🇺🇸 Vietnamese · United States
1181
+17
🇦🇷 Portuguese · Argentina
1206
-17
Quilted Codpiece
6:42 Loom
7:16 Loom
9:30 Feudal Age
10:01 Double-Bit Axe
14:01 Fletching
17:53 Wheelbarrow
21:47 Castle Age
19:37 Horse Collar
20:21 Gold Mining
20:54 Bloodlines
22:28 Light Cavalry
24:05 Bow Saw
24:04 Husbandry
25:36 Scale Barding Armor
25:41 Forging
27:21 Heavy Plow
29:05 Hand Cart
30:15 Chain Barding Armor
34:44 Chatras
44:23 Imperial Age
42:00 Devotion
44:44 Elite Battle Elephant
46:48 Plate Barding Armor
46:44 Herbal Medicine
49:49 Iron Casting
53:05 Paper Money
Hodor
10:21 Feudal Age
15:05 Castle Age
15:26 Stone Mining
15:48 Loom
18:06 Double-Bit Axe
22:45 Town Watch
24:28 Bow Saw
26:48 Horse Collar
28:22 Scale Barding Armor
29:40 Bloodlines
29:30 Husbandry
30:15 Wheelbarrow
36:44 Imperial Age
34:58 Heavy Plow
36:57 Cavalier
37:58 Chain Barding Armor
45:30 Two-Man Saw
45:05 Forging
46:09 Scale Mail Armor
45:42 Pikeman
50:34 Chain Mail Armor
52:11 Plate Mail Armor
Connection lost

Rejoining the realm…

Still unreachable

The connection could not be restored.

Session expired

The server has moved on; the page needs a fresh start.